 Dungeon Crawl Stone Soup version 0.21-a0-440-g28109cb (webtiles) character file.

79 zxpr0jk the Ducker (level 4, -2/30 HPs)
             Began as a Halfling Gladiator on Nov 11, 2017.
             Slain by AverageBear's ghost (8 damage)
             ... on level 3 of the Dungeon.
             The game lasted 00:03:49 (1179 turns).

zxpr0jk the Ducker (Halfling Gladiator)             Turns: 1179, Time: 00:03:50

Health: -2/30      AC:  4    Str: 15    XL:     4   Next: 64%
Magic:  4/4        EV: 16    Int:  6    God:
Gold:   91         SH:  0    Dex: 16    Spells: 3/3 levels left

rFire    . . .     SeeInvis .   a - +0 long sword
rCold    . . .     Gourm    .   (shield restricted)
rNeg     . . .     Faith    .   b - +0 leather armour
rPois    .         Spirit   .   c - +0 helmet
rElec    .         Reflect  .   (no cloak)
rCorr    .         Harm     .   (no gloves)
MR       .....                  (no boots)
Stlth    +.........             (no amulet)
HPRegen  0.10/turn              (no ring)
MPRegen  0.09/turn              (no ring)

@: no status effects
A: mutation resistance 1
a: no special abilities


You were on level 3 of the Dungeon.
You were not hungry.

You visited 1 branch of the dungeon, and saw 3 of its levels.

You collected 91 gold pieces.

Inventory:

Hand Weapons
 a - a +0 long sword (weapon)
Missiles
 d - 2 throwing nets (quivered)
Armour
 b - a +0 leather armour (worn)
 c - a +0 helmet (worn)
Scrolls
 e - a scroll of random uselessness {unknown}
 g - a scroll of recharging {unknown}
 i - a scroll of identify {unknown}
 m - a scroll of fear {unknown}
 q - a scroll of teleportation {unknown}
Potions
 h - a potion of cancellation
 j - a potion of heal wounds
Comestibles
 f - 2 bread rations
 l - 5 fruits
 o - a meat ration
 p - a royal jelly


   Skills:
 + Level 2.5 Fighting
 + Level 3.5 Long Blades
 + Level 2.8 Throwing
 + Level 3.9 Dodging


You had 3 spell levels left.
You didn't know any spells.

Dungeon Overview and Level Annotations

Branches:
Dungeon (3/15)

Altars:
Okawaru
Uskayaw

Annotations:
D:3 AverageBear's ghost, amateur DEFi


Innate Abilities, Weirdness & Mutations

You are small and have problems with some larger weapons.
You are somewhat resistant to further mutation.


Message History

You barely miss AverageBear's ghost. You hit AverageBear's ghost.
AverageBear's ghost is lightly damaged.
AverageBear's ghost hits you!
You hit AverageBear's ghost but do no damage.
AverageBear's ghost is lightly damaged.
AverageBear's ghost closely misses you.
You hit AverageBear's ghost.
AverageBear's ghost is lightly damaged.
AverageBear's ghost hits you! AverageBear's ghost misses you.
You riposte.
You hit AverageBear's ghost but do no damage.
AverageBear's ghost is lightly damaged.
You hit AverageBear's ghost.
AverageBear's ghost is lightly damaged.
AverageBear's ghost hits you.
* * * LOW HITPOINT WARNING * * *
You closely miss AverageBear's ghost.
AverageBear's ghost is lightly damaged.
AverageBear's ghost hits you!
You die...

#. ....W.#
.##......
.........
###.##..##
........
#####.##.#####
#.@W.........#
#.###........#
#.#......##..#
#.###.....#..#
#.#.......#..#
#.#.#..####..#
#.#.#........#
#.#.#.#.###.##
#.#.#...###.##.


You could see AverageBear's ghost.

Vanquished Creatures
  3 adders
  An ooze (D:2)
  2 dart slugs (D:1)
  2 leopard geckos (D:2)
  7 bats
  2 giant cockroaches (D:2)
  5 goblins
  7 hobgoblins
  A ball python (D:1)
  2 frilled lizards (D:2)
  5 kobolds
  3 rats
  A plant (D:1)
41 creatures vanquished.

Notes
Turn   | Place    | Note
-------+----------+-------------------------------------------
     0 | D:1      | zxpr0jk the Halfling Gladiator began the quest for the Orb.
     0 | D:1      | Reached XP level 1. HP: 14/14 MP: 1/1
   104 | D:1      | Reached XP level 2. HP: 13/19 MP: 2/2
   319 | D:1      | Reached XP level 3. HP: 24/24 MP: 3/3
   784 | D:2      | Found a hide-covered altar of Uskayaw.
   935 | D:2      | Reached XP level 4. HP: 17/30 MP: 4/4
  1092 | D:2      | Found an iron altar of Okawaru.
  1161 | D:3      | Noticed AverageBear's ghost (amateur DEFi)
  1179 | D:3      | Slain by AverageBear's ghost

Vault maps used:
D:1:      onia_arrival_mini_maze
D:2:      lemuel_crystal_altar, first_bread, okawaru_ov_weapons_minmay
D:3:      cheibrodos_thug_alley, uniq_terence

Skill      XL: |  1  2 |
---------------+-------+-----
Fighting       | 2 |  2.5
Long Blades    | |  3.5
Throwing       | |  2.8
Dodging        | |  3.9

Action                   |  1- 3 |  4- 6 || total
-------------------------+-------+-------++-------
Melee: Long sword        |   109 |    30 ||   139
Throw: Throwing net      |       |     3 ||     3
  Use: Potion            |       |     3 ||     3
 Stab: Sleeping          |     1 |       ||     1
  Eat: Chunk             |       |     1 ||     1
Armor: Leather armour    |    23 |     5 ||    28
Dodge: Dodged            |    90 |    37 ||   127
       Rpst.: Long sword |    35 |    17 ||    52

Table legend:
 A = Spawn XP
 B = Non-spawn XP
 C = Spawn XP percentage of total XP
 D = Spawn monster count
 E = Non-spawn monster count
 F = Spawn count percentage of total count
 G = Total turns spent on level
                    A         B        C        D         E        F      G
               +---------+---------+-------+---------+---------+-------+---------
         Total |       0 |     114 |   0.0 |       0 |      40 |   0.0 |  1179
               +---------+---------+-------+---------+---------+-------+---------
           D:1 |       0 |      38 |   0.0 |       0 |      20 |   0.0 |   695
           D:2 |       0 |      60 |   0.0 |       0 |      18 |   0.0 |   439
           D:3 |       0 |      16 |   0.0 |       0 |       2 |   0.0 |    45
               +---------+---------+-------+---------+---------+-------+---------
